 Dungeon Crawl Stone Soup version 0.29-a0-304-gb34f9e133a (webtiles) character file.

Game seed: 6610557767625325711

55 Astera the Cutter (level 4, -4/29 HPs)
             Began as a Kobold Berserker on Mar 26, 2022.
             Was a Believer of Trog.
             Killed by divine providence
             ... invoked by an orc priest
              (13 damage)
             ... on level 4 of the Dungeon.
             The game lasted 00:08:45 (3327 turns).

Astera the Cutter (Kobold Berserker)                Turns: 3327, Time: 00:08:46

Health: -4/29      AC:  3    Str: 14    XL:     4   Next: 14%
Magic:  4/4        EV: 15    Int:  8    God:    Trog [**....]
Gold:   95         SH:  0    Dex: 16    Spells: 3/3 levels left

rFire   . . .      SeeInvis .   a - +0 short sword
rCold   . . .      Faith    .   (no shield)
rNeg    . . .      Spirit   .   h - +0 leather armour
rPois   .          Reflect  .   (no helmet)
rElec   .          Harm     .   (no cloak)
rCorr   .          Rampage  .   (no gloves)
Will    .....                   (no boots)
Stlth   ++........              (no amulet)
HPRegen 0.09/turn               k - ring of flight
MPRegen 0.09/turn               (no ring)

@: flying
A: small, no large weapons, nightstalker 3
a: Renounce Religion, Berserk, Trog's Hand


You were on level 4 of the Dungeon.
You worshipped Trog.
Trog was pleased with you.
You visited 1 branch of the dungeon, and saw 4 of its levels.

You collected 95 gold pieces.

Inventory:

Hand Weapons
 a - a +0 short sword (weapon)
Armour
 b - a +0 animal skin
 h - a +0 leather armour (worn)
Jewellery
 k - a ring of flight (left hand)
Scrolls
 f - a scroll of magic mapping
 g - a scroll of fog
Potions
 c - 4 potions of curing
 d - a potion of flight
 j - 2 potions of cancellation
 l - a potion of haste {unknown}


   Skills:
 + Level 3.8 Fighting
 + Level 4.6 Short Blades
 + Level 2.1 Armour
 + Level 3.2 Dodging


You had 3 spell levels left.
You didn't know any spells.
Your spell library was empty.

Dungeon Overview and Level Annotations

Branches:
Dungeon (4/15)
 Temple: D:4-7

Altars:
Zin

Shops:
D:2 (

Annotations:
D:3 Grinder


Innate Abilities, Weirdness & Mutations

You are small and have problems with some larger weapons.
You are completely attuned to the shadows.


Message History

The kobold attacks as you move away! The kobold misses you.
You are confused.
You feel invigorated. The kobold misses you.
You hit the kobold.
The kobold is heavily wounded.
The kobold closely misses you.
You miss the kobold.
The kobold is heavily wounded.
The kobold hits you but does no damage.
You bump into the rock wall.
The kobold hits you with a +0 whip.
Unknown command.
You hit the kobold.
You kill the kobold!
Trog accepts your kill.
You hit the orc but do no damage. The orc closely misses you.
You bump into the rock wall.
The orc hits you with a +0 dagger.
You're too confused to move!
You bump into the rock wall.
The orc priest shouts!
You completely miss something. Something hits you.
You bump into the rock wall.
You feel less invigorated.
You feel less confused.
The orc priest mumbles some strange prayers to Beogh against you.
Beogh smites you! Something hits you.
You hit something. Something hits you.
You barely miss something. You hit something but do no damage.
Something hits you.
You feel better. Something barely misses you.
You miss something.
The orc priest calls down the wrath of Beogh upon you.
Beogh smites you!
* * * LOW HITPOINT WARNING * * *
You hear some strange, mumbled words.
A magic dart appears from out of thin air!
The magic dart hits you.
* * * LOW HITPOINT WARNING * * *
You feel better.
The orc priest mumbles some strange prayers to Beogh against you.
Beogh smites you!
You die...

###
#@#
#{#
#o#
#o##
#o.#
#..#
##.#
#.#
#.#


You could see 2 orc priests and an orc.

Vanquished Creatures
  An adder (D:3)
  2 worms
  2 dart slugs
  2 endoplasms
  4 goblins
  2 hobgoblins
  2 jackals (D:1)
  4 quokkas
  4 ball pythons
  4 bats
  A frilled lizard (D:1)
  5 kobolds
  2 rats
35 creatures vanquished.

Notes
Turn   | Place    | Note
-------+----------+-------------------------------------------
     0 | D:1      | Astera the Kobold Berserker began the quest for the Orb.
     0 | D:1      | Reached XP level 1. HP: 14/14 MP: 1/1
   315 | D:1      | Reached XP level 2. HP: 8/19 MP: 2/2
   500 | D:1      | Found a faded altar of an unknown god.
  1514 | D:2      | Reached XP level 3. HP: 23/23 MP: 3/3
  2093 | D:2      | Reached ** piety under Trog
  2396 | D:2      | Found Jeogipp Meal's Antique Weapon Emporium.
  2636 | D:3      | Noticed Grinder
  2879 | D:3      | Reached XP level 4. HP: 25/29 MP: 4/4
  3256 | D:4      | Found a glowing silver altar of Zin.
  3327 | D:4      | Killed from afar by an orc priest

Illustrated notes

Levels and vault maps discovered:
D:1:      heliophobic_arrival_dark_side_of_the_moon, layout_loops_corners,
          hellmonk_ecumenical_altar_blasted
D:2:      layout_loops_corners, serial_shops, shop
D:3:      layout_basic, uniq_grinder
D:4:      layout_cave_pods, lemuel_doored_altar, hangedman_abyss_or_decor_stabs

Skill      XL: |  1  2  3 |
---------------+----------+-----
Dodging        | 3 |  3.2
Armour         | 2 |  2.1
Fighting       | |  3.8
Short Blades   | |  4.6

Action                   |  1- 3 |  4- 6 || total
-------------------------+-------+-------++-------
Melee: Short sword       |   101 |    19 ||   120
       Punch             |     1 |       ||     1
  Use: Scroll            |     6 |       ||     6
       Potion            |       |     3 ||     3
 Stab: Sleeping          |    14 |     1 ||    15
Armor: Leather armour    |    11 |     1 ||    12
       Animal skin       |     2 |       ||     2
Dodge: Dodged            |    55 |    17 ||    72

Table legend: (Time is in decaauts)
 A = Elapsed time spent in this place.
 B = Non-inter-level travel time spent in this place.
 C = Inter-level travel time spent in this place.
 D = Time resting spent in this place.
 E = Time spent auto-exploring this place.
 F = Levels seen in this place.
 G = Mean time per level.
                   A        B        C        D        E       F      G
               +--------+--------+--------+--------+--------+-----+--------+
         Total |   3313 |   3065 |    248 |    591 |   1340 |   4 |  828.2 |
       Dungeon |   3313 |   3065 |    248 |    591 |   1340 |   4 |  828.2 |
               +--------+--------+--------+--------+--------+-----+--------+

Top non-repeatable levels by time:
     D:1: 1437 daAuts
     D:2: 1218 daAuts
     D:4: 410 daAuts
     D:3: 246 daAuts
